 Dungeon Crawl Stone Soup version 0.28.0 (webtiles) character file.

Game seed: 8386007063566962851

300 Sanktem7 the Covered (level 6, -5/55 HPs)
             Began as a Minotaur Fighter on Feb 15, 2022.
             Slain by an ogre (16 damage)
             ... on level 3 of the Dungeon.
             The game lasted 00:06:31 (3816 turns).

Sanktem7 the Covered (Minotaur Fighter)             Turns: 3816, Time: 00:06:32

Health: -5/55      AC: 14    Str: 23    XL:     6   Next: 13%
Magic:  5/5        EV:  4    Int:  5    God:
Gold:   151        SH: 11    Dex:  9    Spells: 5/5 levels left

rFire   . . .      SeeInvis .   a - +0 war axe
rCold   . . .      Faith    .   b - +0 tower shield
rNeg    . . .      Spirit   .   e - +0 chain mail
rPois   .          Reflect  .   (helmet restricted)
rElec   .          Harm     .   k - +0 cloak
rCorr   .          Rampage  .   m - +1 Delatra's gloves {ID++}
Will    .....                   o - +0 pair of boots
Stlth   ..........              (no amulet)
HPRegen 0.18/turn               (no ring)
MPRegen 0.09/turn               (no ring)

@: no status effects
A: horns 2, retaliatory headbutt
a: no special abilities


You were on level 3 of the Dungeon.
You visited 1 branch of the dungeon, and saw 4 of its levels.

You collected 151 gold pieces.

Inventory:

Hand Weapons
 a - a +0 war axe (weapon)
Armour
 b - a +0 tower shield (worn)
 e - a +0 chain mail (worn)
 k - a +0 cloak (worn)
 m - the +1 Delatra's gloves (worn) {ID++}
   (You found it on level 2 of the Dungeon)

   It heals its wearer when they drink unknown potions.
   It restores its wearer's MP when they read unknown scrolls.
 o - a +0 pair of boots (worn)
Scrolls
 h - 2 scrolls of amnesia
 l - a scroll of silence
Potions
 c - a potion of flight
 d - a potion of might
 i - a potion of ambrosia
 n - a potion of heal wounds {unknown}
 p - a potion of attraction {unknown}


   Skills:
 * Level 4.8 Fighting
 * Level 5.2 Axes
 * Level 5.9 Armour
 + Level 0.6 Dodging
 - Level 3.6 Shields


You had 5 spell levels left.
You didn't know any spells.
Your spell library contained the following spells:

 Spells                   Type           Power      Damage    Failure   Level
 Searing Ray              Conj           0%         2d4       100%        2
 Dazzling Flash           Conj/Hex       0%         N/A       100%        3
 Iskenderun's Mystic Bla  Conj/Tloc      0%         2d3       100%        4
 Petrify                  Tmut/Erth      0%         N/A       100%        4
 Agony                    Necr           0%         N/A       100%        5
 Silence                  Hex/Air        0%         N/A       100%        5
 Starburst                Conj/Fire      0%         6d3       100%        6
 Fire Storm               Conj/Fire      0%         5d1       100%        9


Dungeon Overview and Level Annotations

Branches:
Dungeon (4/15)
 Temple: D:4-7

Altars:


Innate Abilities, Weirdness & Mutations

You have a pair of horns on your head.
You reflexively headbutt those who attack you in melee.


Message History

You block the ogre's attack. You block the giant cockroach's attack.
You climb upwards.
There is a stone staircase leading down here.
You slash the ogre!
The ogre is moderately wounded.
You hit the giant cockroach but do no damage.
You barely miss the orc. You block the orc's attack.
The giant cockroach bites you but does no damage.
The ogre hits you with a +0 giant club. The orc barely misses you.
You furiously retaliate!
You headbutt the orc.
You kill the orc!
The giant cockroach bites you but does no damage.
You barely miss the ogre.
The ogre is moderately wounded.
You closely miss the giant cockroach. The giant cockroach bites you.
You block the ogre's attack. You block the giant cockroach's attack.
The ogre hits you with a +0 giant club.
You slash the ogre! Your headbutt misses the ogre.
The ogre is almost dead.
You hit the giant cockroach.
You kill the giant cockroach!
You block the ogre's attack.
You barely miss the ogre.
The ogre is almost dead.
The ogre hits you with a +0 giant club!!
You are too injured to fight recklessly!
You are too injured to fight recklessly!
You are too injured to fight recklessly!
You are too injured to fight recklessly!
You are too injured to fight recklessly!
You are too injured to fight recklessly!
You hit the ogre. Your headbutt misses the ogre.
The ogre is almost dead.
You block the ogre's attack.
You hit the ogre but do no damage.
The ogre is almost dead.
The ogre hits you with a +0 giant club!
* * * LOW HITPOINT WARNING * * *
The ogre hits you with a +0 giant club!
You die...

...# #.# #.#..#.#.# ...#
##.## #.#......# ...#
#...# #.#..#.#.# #..#
#...# #.#......# ...#
#...# #.###.####
...#####.## #.# #.#
......##.# #.# #.#
#.#.#.##.########.# #<#
......##.......)@O###.#
#.#.#....#########....#
......##.# ###....##
#.#.#.##.# #.......#
......##.## #.......#
########..######.......#
#.............###
#.#.#.#..##...#
#........###..#


You could see an ogre.

Vanquished Creatures
  A black bear (D:3)
  Natasha (thrice) (D:3)
  An orc wizard (D:2)
  4 adders
  8 orcs
  5 ball pythons
  8 endoplasms
  5 giant cockroaches
  5 goblins
  4 hobgoblins
  2 jackals (D:2)
  3 quokkas
  5 bats
  7 frilled lizards
  5 kobolds
  5 rats
71 creatures vanquished.

Vanquished Creatures (others)
  15 plants
15 creatures vanquished.

Grand Total: 86 creatures vanquished

Notes
Turn   | Place    | Note
-------+----------+-------------------------------------------
     0 | D:1      | Sanktem7 the Minotaur Fighter began the quest for the Orb.
     0 | D:1      | Reached XP level 1. HP: 19/19 MP: 0/0
   206 | D:1      | Reached XP level 2. HP: 25/27 MP: 1/1
   323 | D:1      | Found a faded altar of an unknown god.
   795 | D:1      | Reached XP level 3. HP: 33/33 MP: 2/2
  2047 | D:2      | Reached XP level 4. HP: 39/41 MP: 3/3
  2095 | D:2      | Found the +1 Delatra's gloves {ID++}
  2768 | D:3      | Got Gadawno's Compendium of Combat Magic and Changing
  3415 | D:3      | Noticed Natasha
  3422 | D:3      | Killed Natasha
  3423 | D:3      | Reached skill level 5 in Armour
  3423 | D:3      | Reached XP level 5. HP: 43/47 MP: 4/4
  3622 | D:3      | Noticed Natasha
  3628 | D:3      | Killed Natasha
  3710 | D:3      | Noticed Natasha
  3718 | D:3      | Killed Natasha
  3793 | D:4      | Noticed an ogre
  3793 | D:4      | Noticed a black bear
  3799 | D:3      | Killed a black bear
  3800 | D:3      | Reached skill level 5 in Axes
  3800 | D:3      | Reached XP level 6. HP: 52/55 MP: 5/5
  3816 | D:3      | Slain by an ogre

Illustrated notes

Levels and vault maps discovered:
D:1:      tarquinn_simple_flora_water_a, layout_loops_ring, serial_forest,
          infiniplex_forest_end_3, infiniplex_forest_straight_4,
          infiniplex_forest_lined_ring, infiniplex_forest_side_room,
          infiniplex_forest_straight_2, infiniplex_forest_clump_C,
          infiniplex_forest_zigzag_1, infiniplex_forest_straight_2,
          infiniplex_forest_clump_tiny, hellmonk_ecumenical_altar_heavens_door
D:2:      wad_woods_pond, layout_basic, pf_guarded_unrand_delatra
D:3:      layout_loops_ring, serial_glass, glass_columns_b, glass_columns_b,
          glass_columns_b, glass_columns_a, glass_columns_a, glass_columns_a,
          kennysheep_path_1, grunt_decor_clamped, uniq_natasha
D:4:      layout_loops_ring, kennysheep_mini, gammafunk_temple_overflow_elements

Skill      XL: |  1  2  3  4  5 |
---------------+----------------+-----
Fighting       | 4 |  4.8
Armour         | 4 5 |  5.9
Axes           | 3 4 5 |  5.2
Dodging        | |  0.6
Shields        | |  3.6

Action                   |  1- 3 |  4- 6 || total
-------------------------+-------+-------++-------
Melee: War axe           |   101 |    78 ||   179
       Headbutt          |     8 |     5 ||    13
  Use: Scroll            |       |     6 ||     6
Armor: Scale mail        |     6 |       ||     6
       Chain mail        |    50 |    55 ||   105
Dodge: Dodged            |    16 |    22 ||    38
Block: Buckler           |     3 |       ||     3
       Tower shield      |    60 |    62 ||   122
